 Dungeon Crawl Stone Soup version 0.28-a0-834-g1a73be5ee4 (webtiles) character file.

Game seed: 13657248348005102700

16 Zenkrye the Chiller (level 2, -4/19 HPs)
             Began as a Barachi Ice Elementalist on Nov 11, 2021.
             Slain by a gnoll (13 damage)
             ... on level 2 of the Dungeon.
             The game lasted 00:03:33 (993 turns).

Zenkrye the Chiller (Barachi Ice Elementalist)       Turns: 993, Time: 00:03:33

Health: -4/19      AC:  2    Str:  9    XL:     2   Next: 54%
Magic:  5/5        EV: 12    Int: 15    God:
Gold:   45         SH:  0    Dex: 12    Spells: 4/6 levels left

rFire   . . .      SeeInvis .   d - +0 hunting sling {@w2}
rCold   . . .      Faith    .   (no shield)
rNeg    . . .      Spirit   .   a - +0 robe
rPois   .          Reflect  .   (no helmet)
rElec   .          Harm     .   (no cloak)
rCorr   .          Rampage  .   (no gloves)
Will    .....                   (no boots)
Stlth   ++........              (no amulet)
HPRegen 0.06/turn               (no ring)
MPRegen 0.09/turn               (no ring)

@: unable to hop, slow
A: amphibious, slowness 1, strong legs 1, +LOS
a: Hop


You were on level 2 of the Dungeon.
You visited 1 branch of the dungeon, and saw 2 of its levels.

You collected 45 gold pieces.

Inventory:

Hand Weapons
 d - a +0 hunting sling (weapon) {@w2}
 e - a +3 vampiric dagger
 i - a +0 dagger of protection
Missiles
 f - 11 stones (quivered ammo)
 h - 5 javelins
Armour
 a - a +0 robe (worn)
 c - a +3 leather armour of poison resistance
Potions
 b - 2 potions of flight
 g - a potion of heal wounds {@q2}
 j - a potion of resistance {unknown}


   Skills:
 - Level 2.1 Dodging
 - Level 1.7 Stealth
 + Level 2.7 Spellcasting
 + Level 0.1 Conjurations
 + Level 0.1 Fire Magic
 + Level 5.2 Ice Magic


You had 4 spell levels left.
You knew the following spells:

 Your Spells              Type           Power      Damage    Failure   Level
a - Freeze                Ice            68%        1d8       2%          1
b - Foxfire               Conj/Fire      8%         2x1d4     21%         1

Your spell library contained the following spells:

 Spells                   Type           Power      Damage    Failure   Level
 Frozen Ramparts          Ice            34%        1d5       7%          3
 Ozocubu's Armour         Ice            17%        N/A       7%          3
 Conjure Flame            Conj/Fire      2%         6-21      52%         3
 Inner Flame              Hex/Fire       2%         N/A       52%         3
 Portal Projectile        Hex/Tloc       4%         N/A       52%         3
 Hailstorm                Conj/Ice       10%        3d5       56%         4
 Flame Wave               Conj/Fire      2%         3d3       89%         4
 Blade Hands              Tmut           1%         N/A       99%         5
 Excruciating Wounds      Necr           1%         N/A       99%         5


Dungeon Overview and Level Annotations

Branches:
Dungeon (2/15)

Altars:


Innate Abilities, Weirdness & Mutations

You are amphibious.
You cover ground slowly.
You can hop short distances.
You have an extended range of vision and can be seen from far away.


Message History

The ball python hisses angrily.
You shoot a stone. The stone hits the ball python.
You kill the ball python!
A rat comes into view.
You shoot a stone.
The stone hits the rat but does no damage.
You shoot a stone. The stone hits the rat.
The rat is heavily wounded.
You shoot a stone. The stone closely misses the rat.
Casting: Foxfire (safe; 21% risk of failure)
Confirm with . or Enter, or press ? or * to list all spells.
You can't see any susceptible monsters within range! (Use Z to cast anyway.) Unknown command.
You shoot a stone. The stone hits the rat.
You kill the rat!
f - 9 stones (gained 1)
You see here a rat corpse.
f - 10 stones (gained 1)
f - 11 stones (gained 1) 2 gnolls come into view.
The gnoll shouts!
You hear a shout!
A gnoll comes into view. It is wielding a +0 halberd.
Okay, then.
Unknown command.
The gnoll closely misses you.
You see here a rat corpse.
The gnoll barely misses you. The gnoll barely misses you.
The gnoll hits you from afar with a +0 halberd!
Ouch! That really hurt!
The gnoll misses you. The gnoll misses you. The gnoll barely misses you.
The gnoll misses you.
Hop to where?
Press: ? - help, Dir - move target Boing!
The gnoll hits you from afar with a +0 halberd!
Ouch! That really hurt!
You die...

#.# ♣♣.♣
#.##### ♣.♣♣
#.....# ♣.♣
#.....# ♣.♣♣
#.....# ♣..♣
#.....# ♣♣.♣
#.g...# ♣.♣♣
#.....# ♣..♣
#.@...# ♣♣.♣
#.....### ♣♣.♣
#.......# ♣.♣♣
#.##....#.##
♣♣.♣
#..........#
♣..♣
########.##..#
♣.♣♣
.............#
♣.♣♣ ♣
#######.#...#
♣..♣ ♣
#####.#...#
♣♣.♣ ♣♣


You could see a gnoll.

Vanquished Creatures
  A bat (D:1)
  A giant cockroach (D:1)
  A hobgoblin (D:1)
  3 kobolds
  2 ball pythons (D:2)
  2 frilled lizards (D:1)
  3 goblins (D:1)
  2 rats
15 creatures vanquished.

Vanquished Creatures (others)
  A foxfire (D:2)
1 creature vanquished.

Grand Total: 16 creatures vanquished

Notes
Turn   | Place    | Note
-------+----------+-------------------------------------------
     0 | D:1      | Zenkrye the Barachi Ice Elementalist began the quest for
                  | the Orb.
     0 | D:1      | Reached XP level 1. HP: 13/13 MP: 3/3
   196 | D:1      | Reached skill level 5 in Ice Magic
   306 | D:1      | Reached XP level 2. HP: 19/19 MP: 2/5
   723 | D:1      | Learned a level 1 spell: Foxfire
   993 | D:2      | Slain by a gnoll

Illustrated notes

Levels and vault maps discovered:
D:1:      dpeg_arrival_tiny_b, layout_basic, minmay_3d_cube
D:2:      kb_forest_paths, layout_basic, dreamdust_ecumenical_altar_statues

Skill      XL: |  1 |
---------------+----+-----
Ice Magic      | 5 |  5.2
Dodging        | |  2.1
Stealth        | |  1.7
Spellcasting   | |  2.7
Conjurations   | |  0.1
Fire Magic     | |  0.1

Action                   || total
-------------------------++-------
 Fire: Hunting sling     ||    15
 Cast: Freeze            ||    10
       Foxfire           ||     1
 Abil: Hop               ||     1
  Use: Scroll            ||     2
Armor: Robe              ||     1
Dodge: Dodged            ||     9

Table legend: (Time is in decaauts)
 A = Elapsed time spent in this place.
 B = Non-inter-level travel time spent in this place.
 C = Inter-level travel time spent in this place.
 D = Time resting spent in this place.
 E = Time spent auto-exploring this place.
 F = Levels seen in this place.
 G = Mean time per level.
                   A        B        C        D        E       F      G
               +--------+--------+--------+--------+--------+-----+--------+
         Total |   1151 |   1133 |     18 |      0 |    931 |   2 |  575.5 |
       Dungeon |   1151 |   1133 |     18 |      0 |    931 |   2 |  575.5 |
               +--------+--------+--------+--------+--------+-----+--------+

Top non-repeatable levels by time:
     D:1: 913 daAuts
     D:2: 238 daAuts
